 Dungeon Crawl Stone Soup version 0.32-a0-931-g5a2cda0630 (webtiles) character file.

Game seed: 12978377012824824489

478 horus123 the Poker (level 6, 0/48 HPs)
             Began as a Demonspawn Fighter on Apr 14, 2024.
             Incinerated by a bombardier beetle (5 damage)
             ... with a burning spray
             ... on level 4 of the Dungeon.
             The game lasted 00:03:38 (2444 turns).

horus123 the Poker (Demonspawn Fighter)             Turns: 2444, Time: 00:03:39

Health: 0/48       AC:  9    Str: 19    XL:     6   Next: 86%
Magic:  6/6        EV:  3    Int:  8    God:
Gold:   233        SH: 11    Dex: 12    Spells: 5/5 levels left

rFire   . . .        a - +0 trident
rCold   . . .        m - +0 tower shield
rNeg    . . .        t - +0 chain mail
rPois   .            (no helmet)
rElec   .            (no cloak)
rCorr   .            (no gloves)
SInv    .            (no boots)
Will    .....        (no amulet) Stlth
                     (no ring)
HPRegen 0.28/turn    (no ring)
MPRegen 0.10/turn

%: no passive effects
@: on fire, glowing
A: hooves 1, rugged brown scales 1, powered by pain 1
a: no special abilities


You were on level 4 of the Dungeon.
You visited 1 branch of the dungeon, and saw 4 of its levels.

You collected 233 gold pieces.

Inventory:

Hand Weapons
 a - a +0 trident (weapon)
Armour
 m - a +0 tower shield (worn)
 t - a +0 chain mail (worn)
Wands
 r - a wand of digging (1)
Scrolls
 b - a scroll of enchant weapon {unknown}
 c - a scroll of torment {unknown}
 d - a scroll of noise {unknown}
 h - 5 scrolls of identify {unknown}
 j - a scroll of silence {unknown}
 l - a scroll of enchant armour {unknown}
 n - a scroll of teleportation {unknown}
 p - a scroll of amnesia {unknown}
 s - a scroll of fog {unknown}
Potions
 e - a potion of enlightenment {unknown}
 f - 2 potions of heal wounds {unknown}
 g - a potion of lignification {unknown}
 i - a potion of ambrosia {unknown}
 k - a potion of curing {unknown}
 o - a potion of degeneration {unknown}
 q - a potion of berserk rage {unknown}


   Skills:
 - Level 3.0 Fighting
 + Level 6.8 Polearms
 - Level 2.6 Armour
 - Level 2.6 Shields


You had 5 spell levels left.
You didn't know any spells.
Your spell library contained the following spells:

 Spells                   Type           Power      Damage    Failure   Level
 Necrotise                Necr           0%         1d4       100%        1
 Call Canine Familiar     Summ           0%         N/A       100%        3
 Sigil of Binding         Hex            0%         N/A       100%        3
 Vampiric Draining        Necr           0%         2d6       100%        3
 Dimensional Bullseye     Hex/Tloc       0%         N/A       100%        4
 Martyr's Knell           Necr/Summ      0%         N/A       100%        4
 Curse of Agony           Necr           0%         N/A       100%        5


Dungeon Overview and Level Annotations

Branches:
Dungeon (4/15)
 Temple: D:4-7

Altars:
Dithmenos
Gozag
Nemelex Xobeh
Xom

Shops:
D:2 *

Annotations:
D:3 2 runed translucent doors


Innate Abilities, Weirdness & Mutations

You have large cloven feet.
You are partially covered in rugged brown scales. (AC +1, +3% HP)
You sometimes gain a little power by taking damage.


Message History

Found 10 gold pieces.
You shake off some of the fire as you move.
The liquid fire burns you!
You reach to attack!
You hit the bombardier beetle but do no damage.
The liquid fire burns you!
You hit the bombardier beetle but do no damage.
You kick the bombardier beetle.
The bombardier beetle is lightly wounded.
The liquid fire burns you!
The bombardier beetle sprays incendiary fluid at you.
The burning spray hits you.
You are even more covered in liquid fire!
You barely miss the bombardier beetle. Your kick misses the bombardier beetle.
The bombardier beetle is lightly wounded.
The liquid fire burns you!
You puncture the bombardier beetle!
The bombardier beetle is severely wounded.
The liquid fire burns you!
The bombardier beetle bites you but does no damage.
You are too injured to fight recklessly!
You barely miss the bombardier beetle.
The bombardier beetle is severely wounded.
The liquid fire burns you! The bombardier beetle bites you.
You barely miss the bombardier beetle.
The bombardier beetle is severely wounded.
The liquid fire burns you!
* * * LOW HITPOINT WARNING * * *
You block the bombardier beetle's attack.
You hit the bombardier beetle.
The bombardier beetle is almost dead.
The liquid fire burns you!
* * * LOW HITPOINT WARNING * * *
The bombardier beetle bites you but does no damage.
You hit the bombardier beetle but do no damage.
You kick the bombardier beetle, but do no damage.
The bombardier beetle is almost dead.
The liquid fire burns you!
You die...

.........##
..........#
#.....†.#.##
#..........##
..##.##.....###
.##.....#.#...# .
.##..####.#...#
... ######
#.#...#####.....
#♣#♣
#.#.....@B......
...#
.................
...♣
#.....#...)......#
...#
#.....###...######
...♣ #.....#
...... ...# #.....
........ .♣.♣
#.... .........
...# $.........
####


You could see a bombardier beetle.

Vanquished Creatures
  Grinder (D:3)
  An ogre (D:4)
  An orc priest (D:3)
  A bombardier beetle (D:4)
  3 gnolls (D:2)
  4 adders
  2 dart slugs
  12 orcs (D:3)
  8 endoplasms
  4 giant cockroaches
  4 goblins
  4 hobgoblins
  4 quokkas (D:1)
  9 ball pythons
  4 bats
  2 frilled lizards
  9 kobolds
  5 rats
78 creatures vanquished.

Notes
Turn   | Place    | Note
-------+----------+-------------------------------------------
     0 | D:1      | horus123 the Demonspawn Fighter began the quest for the
                  | Orb.
     0 | D:1      | Reached XP level 1. HP: 18/18 MP: 1/1
    62 | D:1      | Reached skill level 2 in Polearms
   104 | D:1      | Gained mutation: You have large cloven feet. [demonic
                  | ancestry]
   104 | D:1      | Reached XP level 2. HP: 19/24 MP: 2/2
   329 | D:1      | Reached skill level 3 in Polearms
   423 | D:1      | Gained mutation: You are partially covered in rugged brown
                  | scales. (AC +1, +3% HP) [demonic ancestry]
   423 | D:1      | Reached XP level 3. HP: 24/29 MP: 3/3
   635 | D:2      | Found a faded altar of an unknown god.
  1107 | D:2      | Reached skill level 4 in Polearms
  1107 | D:2      | Reached XP level 4. HP: 33/36 MP: 4/4
  1251 | D:2      | Found Roweat's General Store.
  1350 | D:3      | Found a large runed translucent door.
  1350 | D:3      | Found a large runed translucent door.
  1401 | D:3      | Noticed Grinder
  1414 | D:3      | Killed Grinder
  1415 | D:3      | Reached skill level 5 in Polearms
  1415 | D:3      | Gained mutation: You sometimes gain a little power by
                  | taking damage. [demonic ancestry]
  1415 | D:3      | Reached XP level 5. HP: 22/42 MP: 5/5
  1415 | D:3      | Reached XP level 6. HP: 25/48 MP: 6/6
  1557 | D:3      | Reached skill level 6 in Polearms
  1727 | D:3      | Found a sparkling altar of Nemelex Xobeh.
  1827 | D:3      | Found a shadowy altar of Dithmenos.
  1954 | D:3      | Found an opulent altar of Gozag.
  2083 | D:3      | Found a shimmering altar of Xom.
  2444 | D:4      | Incinerated by a bombardier beetle

Illustrated notes

Levels and vault maps discovered:
D:1:      dpeg_arrival_round_b, layout_rooms, minmay_tripent
D:2:      layout_rooms, serial_shops, nicolae_shop_tiny_real_fake_doors,
          shapermc_ecumenical_altar_totnotflames, palyth_stone_intersect
D:3:      due_chaos_kobolds, layout_basic,
          pdpol_temple_overflow_zin_treasury_gozag_greed,
          mainiacjoe_overflow_alcove_2, grunt_dithmenos_smoke, uniq_grinder
D:4:      layout_rooms, tgw_sif, lemuel_zombie_altar_yredelemnul, temple_green,
          serial_forest, infiniplex_forest_lined_room_2,
          infiniplex_forest_clump_curved, infiniplex_forest_straight_3,
          infiniplex_forest_clump_long, infiniplex_forest_lined_3,
          infiniplex_forest_clump_diagonal, infiniplex_forest_3_way,
          infiniplex_forest_end_1, infiniplex_forest_join,
          hangedman_minor_gate_pass

Skill      XL: |  1  2  3  4  5  6 |
---------------+-------------------+-----
Polearms       | 2 3 4 5 6 |  6.8
Fighting       | |  3.0
Armour         | |  2.6
Shields        | |  2.6

Action                     |  1- 3 |  4- 6 || total
---------------------------+-------+-------++-------
  Melee: Trident           |    99 |   117 ||   216
         Kick              |    15 |    21 ||    36
    Use: Potion            |       |     1 ||     1
 Armour: Scale mail        |    81 |    31 ||   112
         Chain mail        |       |     9 ||     9
  Dodge: Dodged            |    29 |    15 ||    44
  Block: Buckler           |     9 |       ||     9
         Tower shield      |    23 |    52 ||    75

Table legend: (Time is in decaauts)
 A = Elapsed time spent in this place.
 B = Non-inter-level travel time spent in this place.
 C = Inter-level travel time spent in this place.
 D = Time resting spent in this place.
 E = Time spent auto-exploring this place.
 F = Levels seen in this place.
 G = Mean time per level.
                   A        B        C        D        E       F      G
               +--------+--------+--------+--------+--------+-----+--------+
         Total |   2517 |   2479 |     38 |    311 |   1651 |   4 |  629.2 |
       Dungeon |   2517 |   2479 |     38 |    311 |   1651 |   4 |  629.2 |
               +--------+--------+--------+--------+--------+-----+--------+

Top non-repeatable levels by time:
     D:3: 876 daAuts
     D:1: 742 daAuts
     D:2: 556 daAuts
     D:4: 342 daAuts
